[Event "Aktogay Masters 2019"]
[Site "Aktogay"]
[Date "2019.05.15"]
[Round "1.2"]
[White "Kuznetsov, Andrei S."]
[Black "Suleymenov, Alisher"]
[Result "1/2-1/2"]
[ECO "B22"]
[WhiteElo "2261"]
[BlackElo "2435"]
[Annotator "NA"]
[PlyCount "133"]
[EventDate "2019.05.11"]
[EventType "tourn"]
[EventCountry "KAZ"]
[SourceTitle "playchess.com"]
[Source "ChessBase"]
[SourceQuality "1"]
[TimeControl "5400+30"]

1. e4 c5 2. Nf3 Nc6 3. c3 d5 4. exd5 Qxd5 5. d4 Bf5 6. Be3 e6 7. Qb3 O-O-O 8. Qxd5 Rxd5 9. Bc4 Rd7 10. dxc5 Nf6 11. Nbd2 Ng4 12. b4 Be7 13. h3 Nxe3 14. fxe3 Rhd8 15. Nd4 Bg5 16. Nf1 Be4 17. Rh2 a6 18. h4 Bf6 19. g4 Ne5 20. Be2 Ng6 21. h5 Ne7 22. Nd2 Bc6 23. Nc4 Nd5 24. Rc1 Kc7 25. Kf1 Bg5 26. Nxc6 bxc6 27. Rh3 Bf6 28. e4 Nf4 29. Rf3 Bg5 30. Rb1 g6 31. Nd6 Ra8 32. a4 f6 33. Bc4 Rg7 34. Rb2 gxh5 35. gxh5 Re7 36. Rh2 f5 37. Rhf2 Nxh5 38. exf5 exf5 39. Nxf5 Rd7 40. Nd4 Ng7 41. Rf7 Re8 42. Bxa6 Ree7 43. Rxg7 Rxg7 44. Ne6+ Kb8 45. Nxg7 Rxg7 46. Rf8+ Ka7 47. Bc4 Be7 48. Rf3 h5 49. Be6 Rg6 50. Bh3 Rf6 51. Bf5 h4 52. Kg2 Rf7 53. Kh3 Kb8 54. Kg4 Rg7+ 55. Kf4 Bf6 56. Rd3 Rg3 57. Rd6 Bg5+ 58. Ke5 h3 59. Rxc6 Re3+ 60. Kd5 h2 61. Rc8+ Ka7 62. Rh8 Bf4 63. Kc6 Re1 64. Rh7+ Kb8 65. Rh8+ Ka7 66. Rh7+ Kb8 67. Rh8+ 1/2-1/2

[Event "Aktogay Masters 2019"]
[Site "Aktogay"]
[Date "2019.05.15"]
[Round "1.3"]
[White "Kim, Kristina"]
[Black "Kaiyrbekov, Rustam"]
[Result "1/2-1/2"]
[ECO "A47"]
[WhiteElo "1916"]
[BlackElo "2329"]
[Annotator "NA"]
[PlyCount "72"]
[EventDate "2019.05.11"]
[EventType "tourn"]
[EventCountry "KAZ"]
[SourceTitle "playchess.com"]
[Source "ChessBase"]
[SourceQuality "1"]
[TimeControl "5400+30"]

1. d4 Nf6 2. Bf4 e6 3. e3 b6 4. Nf3 Nh5 5. Bg3 Be7 6. Ne5 Nxg3 7. Qf3 O-O 8. hxg3 d5 9. Bd3 h6 10. Qg4 f5 11. Qh5 Qe8 12. g4 Qxh5 13. gxh5 Bd6 14. f4 Bxe5 15. fxe5 Ba6 16. Ke2 c5 17. Bxa6 Nxa6 18. c3 f4 19. Nd2 fxe3 20. Nf3 cxd4 21. cxd4 Nb4 22. a3 Nc6 23. Kxe3 Na5 24. Nd2 b5 25. b3 Rfc8 26. Rac1 Kf7 27. Rc5 Rxc5 28. dxc5 Nc6 29. Nf3 a5 30. g4 Ke7 31. Rg1 b4 32. a4 Rd8 33. Rd1 d4+ 34. Nxd4 Nxd4 35. Rxd4 Rxd4 36. Kxd4 Kd7 1/2-1/2

[Event "Aktogay Masters 2019"]
[Site "Aktogay"]
[Date "2019.05.15"]
[Round "1.4"]
[White "Sukhov, Artur"]
[Black "Nukin, Tolegen"]
[Result "1/2-1/2"]
[ECO "E14"]
[WhiteElo "2110"]
[BlackElo "2113"]
[Annotator "NA"]
[PlyCount "55"]
[EventDate "2019.05.11"]
[EventType "tourn"]
[EventCountry "KAZ"]
[SourceTitle "playchess.com"]
[Source "ChessBase"]
[SourceQuality "1"]
[TimeControl "5400+30"]

1. d4 Nf6 2. c4 e6 3. Nf3 b6 4. e3 Bb7 5. Bd3 c5 6. Nc3 cxd4 7. exd4 Be7 8. O-O d6 9. Re1 O-O 10. Bg5 Nbd7 11. Rc1 Re8 12. Qe2 Rc8 13. a3 Qc7 14. b4 Qb8 15. Nd2 Bf8 16. Nde4 Nxe4 17. Nxe4 d5 18. Ng3 dxc4 19. Bxc4 h6 20. Be3 Nf6 21. Nh5 Nxh5 22. Qxh5 Qd6 23. Qg4 Red8 24. Red1 Kh8 25. Qh5 Kg8 26. Qg4 Kh8 27. Qh5 Kg8 28. Qg4 1/2-1/2

[Event "Aktogay Masters 2019"]
[Site "Aktogay"]
[Date "2019.05.15"]
[Round "1.5"]
[White "Vlassov, Nikolai"]
[Black "Bekturov, Tamerlan"]
[Result "1-0"]
[ECO "B22"]
[WhiteElo "2393"]
[BlackElo "2241"]
[Annotator "NA"]
[PlyCount "133"]
[EventDate "2019.05.11"]
[EventType "tourn"]
[EventCountry "KAZ"]
[SourceTitle "playchess.com"]
[Source "ChessBase"]
[SourceQuality "1"]
[TimeControl "5400+30"]

1. e4 c5 2. c3 d5 3. exd5 Qxd5 4. d4 Nc6 5. Nf3 Bf5 6. Nbd2 Qe6+ 7. Be2 cxd4 8. Nxd4 Nxd4 9. cxd4 Bd3 10. Nb3 Qxe2+ 11. Qxe2 Bxe2 12. Kxe2 Nf6 13. Bf4 e6 14. Rhc1 Nd5 15. Be5 f6 16. Bg3 b6 17. Nd2 Be7 18. Nc4 Kf7 19. Ne3 Rhd8 20. a3 Bf8 21. Nxd5 Rxd5 22. Rc7+ Kg6 23. Rd1 b5 24. Rb7 a5 25. Bb8 Ra6 26. Rd3 Rc6 27. Rg3+ Kf5 28. Rf7 Rd8 29. Bc7 Rc8 30. Bxa5 Rc2+ 31. Bd2 Rxb2 32. Rg5+ Ke4 33. Rh5 f5 34. Rd7 Rxd2+ 35. Kxd2 Bxa3 36. f3+ Kf4 37. Rh4+ Kg5 38. Rxh7 Bb4+ 39. Kd1 Kf4 40. Rhxg7 Rc4 41. Rb7 Rxd4+ 42. Kc2 Rd2+ 43. Kb3 Bf8 44. Rg8 Bc5 45. Rxb5 Bd4 46. Kc4 Ke3 47. Rb3+ Ke2 48. f4 Bg1 49. g4 Rd4+ 50. Kb5 Rxf4 51. gxf5 Rxf5+ 52. Kc6 Bf2 53. Ra8 Kf1 54. Ra2 Kg1 55. h3 Kg2 56. Kd6 e5 57. Ke6 Rf8 58. Kxe5 Re8+ 59. Kf6 Rf8+ 60. Kg7 Rf4 61. Kg6 Kh1 62. Rbb2 Bd4 63. Rb1+ Bg1 64. Raa1 Kh2 65. Rxg1 Rb4 66. Rh1+ Kg3 67. Rag1+ 1-0

[Event "Aktogay Masters 2019"]
[Site "Aktogay"]
[Date "2019.05.15"]
[Round "2.1"]
[White "Khusenkhojaev, Muhammad"]
[Black "Bekturov, Tamerlan"]
[Result "1-0"]
[ECO "D37"]
[WhiteElo "2445"]
[BlackElo "2241"]
[Annotator "NA"]
[PlyCount "99"]
[EventDate "2019.05.11"]
[EventType "tourn"]
[EventCountry "KAZ"]
[SourceTitle "playchess.com"]
[Source "ChessBase"]
[SourceQuality "1"]
[TimeControl "5400+30"]

1. d4 Nf6 2. c4 e6 3. Nc3 d5 4. Nf3 a6 5. cxd5 exd5 6. Qc2 Be6 7. Bg5 Nbd7 8. e3 Bd6 9. Bd3 c6 10. O-O Qc7 11. Bh4 O-O 12. Bg3 Bg4 13. Ng5 h6 14. Bxd6 Qxd6 15. Nh7 Nxh7 16. Bxh7+ Kh8 17. Bd3 c5 18. dxc5 Nxc5 19. h3 Be6 20. Ne2 Rac8 21. Qd2 Qb6 22. b3 Ne4 23. Qb2 Bd7 24. Rfc1 Ng5 25. Rxc8 Rxc8 26. Rd1 a5 27. h4 Ne6 28. Qe5 Nc5 29. Bf5 Be6 30. Rxd5 Bxd5 31. Bxc8 Qd8 32. Nf4 Qxc8 33. Qxd5 Kg8 34. Ng6 Qc7 35. Ne5 b6 36. Nc4 Kh7 37. h5 a4 38. bxa4 Qa7 39. Ne5 Kg8 40. Qd8+ Kh7 41. Qe8 Qxa4 42. Qxf7 Qd1+ 43. Kh2 Qd6 44. Qe8 Ne6 45. f4 Nc7 46. Qc8 Qc5 47. Qf5+ Kg8 48. Qf7+ Kh7 49. Nd7 Qd6 50. e4 1-0

[Event "Aktogay Masters 2019"]
[Site "Aktogay"]
[Date "2019.05.15"]
[Round "2.2"]
[White "Suleymenov, Alisher"]
[Black "Kim, Kristina"]
[Result "1-0"]
[ECO "A85"]
[WhiteElo "2435"]
[BlackElo "1916"]
[Annotator "NA"]
[PlyCount "101"]
[EventDate "2019.05.11"]
[EventType "tourn"]
[EventCountry "KAZ"]
[SourceTitle "playchess.com"]
[Source "ChessBase"]
[SourceQuality "1"]
[TimeControl "5400+30"]

1. d4 f5 2. c4 Nf6 3. Nc3 g6 4. Nf3 Bg7 5. e3 d6 6. Be2 O-O 7. O-O Qe8 8. b4 a5 9. b5 b6 10. c5 dxc5 11. dxc5 bxc5 12. Ba3 Nbd7 13. Ng5 Nb6 14. Qb3+ Kh8 15. Bxc5 h6 16. Bf3 Rb8 17. Ne6 Bxe6 18. Qxe6 Nfd7 19. Bd4 Qf7 20. Qxf7 Rxf7 21. Rfd1 e5 22. Bxb6 Nxb6 23. Bc6 e4 24. Rac1 Rff8 25. Ne2 Rfd8 26. Nf4 Kh7 27. Ne6 Rxd1+ 28. Rxd1 Be5 29. h4 Kg8 30. h5 Kf7 31. Nd8+ Ke7 32. Nb7 gxh5 33. Nxa5 Rg8 34. Bb7 Kf6 35. Rc1 Rb8 36. Rc6+ Kg5 37. Rc5 Bd6 38. Rc2 h4 39. Bc6 Be5 40. Nb7 Ra8 41. Nd6 Rf8 42. Ne8 Rf7 43. f4+ exf3 44. gxf3 Bg3 45. Kg2 Re7 46. f4+ Kg6 47. Kf3 Be1 48. Nxc7 h3 49. Nd5 Nxd5 50. Bxd5 Kh5 51. b6 1-0

[Event "Aktogay Masters 2019"]
[Site "Aktogay"]
[Date "2019.05.15"]
[Round "2.3"]
[White "Kaiyrbekov, Rustam"]
[Black "Sukhov, Artur"]
[Result "1-0"]
[ECO "D03"]
[WhiteElo "2329"]
[BlackElo "2110"]
[Annotator "NA"]
[PlyCount "63"]
[EventDate "2019.05.11"]
[EventType "tourn"]
[EventCountry "KAZ"]
[SourceTitle "playchess.com"]
[Source "ChessBase"]
[SourceQuality "1"]
[TimeControl "5400+30"]

1. d4 Nf6 2. Nf3 g6 3. Bg5 Bg7 4. Nbd2 d5 5. e3 c6 6. h3 Nbd7 7. Bd3 O-O 8. c3 Re8 9. Bf4 Nh5 10. Bh2 e5 11. g4 e4 12. gxh5 exd3 13. hxg6 hxg6 14. Nb3 Nb6 15. Qxd3 Bf5 16. Qe2 Nc4 17. O-O-O Bh6 18. Ne5 Qe7 19. h4 f6 20. Nxc4 dxc4 21. Qxc4+ Kg7 22. Nd2 Rac8 23. h5 b5 24. Qc5 Qf7 25. Rdg1 Bd3 26. b3 a5 27. hxg6 Bxg6 28. Bf4 Rh8 29. Rxg6+ Qxg6 30. Qe7+ Kg8 31. Qe6+ Kg7 32. Qd7+ 1-0

[Event "Aktogay Masters 2019"]
[Site "Aktogay"]
[Date "2019.05.15"]
[Round "2.4"]
[White "Igambergenov, Alibek"]
[Black "Kuznetsov, Andrei S."]
[Result "1-0"]
[ECO "A42"]
[WhiteElo "2295"]
[BlackElo "2261"]
[Annotator "NA"]
[PlyCount "93"]
[EventDate "2019.05.11"]
[EventType "tourn"]
[EventCountry "KAZ"]
[SourceTitle "playchess.com"]
[Source "ChessBase"]
[SourceQuality "1"]
[TimeControl "5400+30"]

1. Nf3 g6 2. c4 Bg7 3. d4 d6 4. Nc3 Nd7 5. e4 e5 6. Bg5 Ne7 7. Be2 h6 8. Be3 f5 9. dxe5 dxe5 10. g3 O-O 11. h4 b6 12. exf5 gxf5 13. Qd2 Rf6 14. c5 bxc5 15. Bxc5 Nc6 16. Ba3 e4 17. Ng5 Nb6 18. Qxd8+ Nxd8 19. O-O-O Nc6 20. Nh3 Bf8 21. Bxf8 Kxf8 22. Nf4 Be6 23. Kb1 Bc4 24. Bxc4 Nxc4 25. Ncd5 Rb8 26. b3 Rd6 27. Nxc7 Rb7 28. Nce6+ Ke7 29. Rxd6 Kxd6 30. Rd1+ Ke7 31. Ka1 Nb4 32. Nd4 Nd6 33. a3 Na6 34. Nc6+ Kd7 35. Na5 Rc7 36. Nc4 Rxc4 37. bxc4 Nc5 38. Kb2 Kc6 39. Kc3 a5 40. Rd5 a4 41. Ne2 Nd3 42. Nd4+ Kc7 43. Nxf5 Ne8 44. Rxd3 exd3 45. Kxd3 h5 46. Kd4 Nf6 47. f3 1-0

[Event "Aktogay Masters 2019"]
[Site "Aktogay"]
[Date "2019.05.15"]
[Round "2.5"]
[White "Nukin, Tolegen"]
[Black "Vlassov, Nikolai"]
[Result "0-1"]
[ECO "A80"]
[WhiteElo "2113"]
[BlackElo "2393"]
[Annotator "NA"]
[PlyCount "82"]
[EventDate "2019.05.11"]
[EventType "tourn"]
[EventCountry "KAZ"]
[SourceTitle "playchess.com"]
[Source "ChessBase"]
[SourceQuality "1"]
[TimeControl "5400+30"]

1. Nf3 f5 2. b3 d6 3. d4 g6 4. Bb2 Bg7 5. g3 Nd7 6. Ng5 Nf8 7. h4 c5 8. e3 Bd7 9. Bc4 e6 10. Nc3 cxd4 11. exd4 Qa5 12. Qd2 h6 13. Nf3 Bc6 14. Be2 Nf6 15. O-O-O O-O-O 16. Kb1 Ng4 17. Qe1 Nh7 18. Rg1 Rhe8 19. a3 Qc7 20. b4 Kb8 21. b5 Bd7 22. Na2 Nhf6 23. c4 e5 24. Nd2 exd4 25. Bxd4 Qa5 26. Kb2 Ne5 27. Qf1 Be6 28. f4 Ned7 29. Nb3 Qc7 30. Bd3 Nb6 31. Rc1 Rc8 32. Qf2 Ng4 33. Qc2 Ne3 34. Qf2 Bxc4 35. Ka1 Bxb3 36. Rxc7 Bxd4+ 37. Kb1 Rxc7 38. Re1 Nbd5 39. Qf3 Rec8 40. h5 Rc2 41. Bxc2 Bc4 0-1

[Event "Aktogay Masters 2019"]
[Site "Aktogay"]
[Date "2019.05.15"]
[Round "3.1"]
[White "Kuznetsov, Andrei S."]
[Black "Khusenkhojaev, Muhammad"]
[Result "0-1"]
[ECO "C28"]
[WhiteElo "2261"]
[BlackElo "2445"]
[Annotator "NA"]
[PlyCount "90"]
[EventDate "2019.05.11"]
[EventType "tourn"]
[EventCountry "KAZ"]
[SourceTitle "playchess.com"]
[Source "ChessBase"]
[SourceQuality "1"]
[TimeControl "5400+30"]

1. e4 e5 2. Nc3 Nf6 3. Bc4 Nc6 4. d3 Na5 5. Nge2 Bc5 6. Ng3 d6 7. h3 a6 8. a3 Nxc4 9. dxc4 Be6 10. Qd3 c6 11. a4 d5 12. cxd5 cxd5 13. exd5 Nxd5 14. Nh5 Bf8 15. O-O Nxc3 16. Qxc3 f6 17. Qf3 Bd5 18. Qg4 Qd7 19. Rd1 Qxg4 20. hxg4 Be6 21. f3 Bc5+ 22. Kf1 Kf7 23. Ng3 Rac8 24. Ne4 Be7 25. c3 h5 26. g5 Rhd8 27. Rxd8 Rxd8 28. gxf6 gxf6 29. Be3 Bc4+ 30. Kf2 f5 31. Nd2 Be6 32. f4 e4 33. Rh1 Kg6 34. Ke2 Bf6 35. g3 Bf7 36. Ra1 Kh6 37. Rh1 Rg8 38. Bf2 Rd8 39. Be3 Be8 40. Ra1 h4 41. Rh1 Bxa4 42. gxh4 Bb5+ 43. c4 Be8 44. Bf2 Bh5+ 45. Ke1 Rd3 0-1

[Event "Aktogay Masters 2019"]
[Site "Aktogay"]
[Date "2019.05.15"]
[Round "3.2"]
[White "Sukhov, Artur"]
[Black "Suleymenov, Alisher"]
[Result "0-1"]
[ECO "E50"]
[WhiteElo "2110"]
[BlackElo "2435"]
[Annotator "NA"]
[PlyCount "76"]
[EventDate "2019.05.11"]
[EventType "tourn"]
[EventCountry "KAZ"]
[SourceTitle "playchess.com"]
[Source "ChessBase"]
[SourceQuality "1"]
[TimeControl "5400+30"]

1. d4 Nf6 2. c4 Nc6 3. Nf3 e6 4. Nc3 Bb4 5. e3 O-O 6. Bd3 d6 7. O-O Bxc3 8. bxc3 e5 9. e4 Re8 10. Re1 Bg4 11. d5 Na5 12. Qa4 b6 13. Nd2 Nh5 14. Nb3 Nb7 15. Be2 Bxe2 16. Rxe2 Rf8 17. g4 Nf4 18. Bxf4 exf4 19. f3 Re8 20. Rae1 h5 21. Rg2 hxg4 22. Rxg4 f5 23. Rg2 fxe4 24. fxe4 f3 25. Rg3 Qh4 26. Rf1 Rxe4 27. Nd2 Rg4 28. Rfxf3 Nc5 29. Qc2 Rxg3+ 30. hxg3 Qh5 31. Rf5 Qe2 32. Rf2 Qe3 33. Qf5 Qxg3+ 34. Kf1 Qd3+ 35. Qxd3 Nxd3 36. Rf3 Ne5 37. Re3 Rf8+ 38. Ke2 Rf4 0-1

[Event "Aktogay Masters 2019"]
[Site "Aktogay"]
[Date "2019.05.15"]
[Round "3.3"]
[White "Vlassov, Nikolai"]
[Black "Kaiyrbekov, Rustam"]
[Result "0-1"]
[ECO "B30"]
[WhiteElo "2393"]
[BlackElo "2329"]
[Annotator "NA"]
[PlyCount "92"]
[EventDate "2019.05.11"]
[EventType "tourn"]
[EventCountry "KAZ"]
[SourceTitle "playchess.com"]
[Source "ChessBase"]
[SourceQuality "1"]
[TimeControl "5400+30"]

1. e4 c5 2. Nc3 Nc6 3. Nf3 e6 4. Bb5 Nge7 5. d4 cxd4 6. Nxd4 Nxd4 7. Qxd4 a6 8. Bd3 Nc6 9. Qe3 Be7 10. O-O O-O 11. e5 d5 12. exd6 Qxd6 13. Qh3 f5 14. Rd1 Qc7 15. Be3 Nb4 16. Na4 Nxd3 17. cxd3 Bd7 18. Nb6 Rad8 19. Nc4 Qb8 20. Bb6 Rc8 21. Qe3 Bd6 22. g3 f4 23. Qd4 Rc6 24. Na5 fxg3 25. hxg3 Bxg3 26. Nxc6 Bxc6 27. Qg4 Bh2+ 28. Kf1 Rf6 29. Rdc1 Rg6 30. Qc4 Qe5 31. f3 Qf5 32. Ke1 Rg2 33. Bf2 Bf4 34. Rc2 Rh2 35. Qd4 Rh1+ 36. Bg1 Bg3+ 37. Kd2 Bf4+ 38. Ke1 Qg5 39. Kf1 Be3 40. Rg2 Qxg2+ 41. Kxg2 Bxf3+ 42. Kxf3 Bxd4 43. Rc1 Rxg1 44. Rc8+ Kf7 45. Rc7+ Kf6 46. Rxb7 h5 0-1

[Event "Aktogay Masters 2019"]
[Site "Aktogay"]
[Date "2019.05.15"]
[Round "3.4"]
[White "Kim, Kristina"]
[Black "Igambergenov, Alibek"]
[Result "0-1"]
[ECO "B07"]
[WhiteElo "1916"]
[BlackElo "2295"]
[Annotator "NA"]
[PlyCount "75"]
[EventDate "2019.05.11"]
[EventType "tourn"]
[EventCountry "KAZ"]
[SourceTitle "playchess.com"]
[Source "ChessBase"]
[SourceQuality "1"]
[TimeControl "5400+30"]

1. d4 Nf6 2. Bf4 g6 3. Nc3 Bg7 4. e4 d6 5. Qd2 O-O 6. h4 Nc6 7. O-O-O Nh5 8. Bh6 e5 9. d5 Ne7 10. Be2 Nf4 11. Bxg7 Kxg7 12. Bf3 f5 13. g3 fxe4 14. Nxe4 Nfxd5 15. h5 Qe8 16. Nxd6 cxd6 17. Bxd5 Nxd5 18. Qxd5 Rxf2 19. h6+ Kh8 20. Qxd6 Bg4 21. Nh3 Rf5 22. Rde1 Qf8 23. Qd2 Rc8 24. Qe3 Qc5 25. Qxc5 Rxc5 26. Nf4 Rc8 27. Nd3 e4 28. Nf4 g5 29. Ng2 Rf2 30. Ne3 Bf3 31. Rh3 Kg8 32. g4 Kf7 33. Rh5 Kg6 34. c3 Rd8 35. Nc4 Rd5 36. Rh3 b5 37. Na3 Rdd2 38. c4 0-1

[Event "Aktogay Masters 2019"]
[Site "Aktogay"]
[Date "2019.05.15"]
[Round "3.5"]
[White "Bekturov, Tamerlan"]
[Black "Nukin, Tolegen"]
[Result "1-0"]
[ECO "E18"]
[WhiteElo "2241"]
[BlackElo "2113"]
[Annotator "NA"]
[PlyCount "61"]
[EventDate "2019.05.11"]
[EventType "tourn"]
[EventCountry "KAZ"]
[SourceTitle "playchess.com"]
[Source "ChessBase"]
[SourceQuality "1"]
[TimeControl "5400+30"]

1. d4 Nf6 2. c4 e6 3. g3 d5 4. Bg2 Be7 5. Nf3 O-O 6. O-O b6 7. cxd5 exd5 8. Nc3 Bb7 9. Qc2 c5 10. Bf4 Na6 11. Rfd1 Nc7 12. dxc5 bxc5 13. Ng5 h6 14. Nge4 Nfe8 15. Na4 c4 16. Nec5 Bc6 17. e4 Ne6 18. Nxe6 fxe6 19. Bh3 Qd7 20. Nc3 Nf6 21. e5 Ne8 22. Qg6 Nc7 23. Bxh6 Rf7 24. Be3 Rb8 25. Rab1 a5 26. Ne2 Bf8 27. Nd4 Re8 28. Bg4 Bc5 29. Bh5 Rff8 30. Qg4 Bxd4 31. Bxd4 1-0

[Event "Aktogay Masters 2019"]
[Site "Aktogay"]
[Date "2019.05.15"]
[Round "4.1"]
[White "Khusenkhojaev, Muhammad"]
[Black "Nukin, Tolegen"]
[Result "1-0"]
[ECO "E00"]
[WhiteElo "2445"]
[BlackElo "2113"]
[Annotator "NA"]
[PlyCount "137"]
[EventDate "2019.05.11"]
[EventType "tourn"]
[EventCountry "KAZ"]
[SourceTitle "playchess.com"]
[Source "ChessBase"]
[SourceQuality "1"]
[TimeControl "5400+30"]

1. d4 Nf6 2. c4 e6 3. g3 Bb4+ 4. Bd2 Bxd2+ 5. Qxd2 d5 6. Bg2 O-O 7. Nc3 c6 8. Nf3 Nbd7 9. Qc2 Qe7 10. cxd5 exd5 11. O-O Re8 12. e3 Ne4 13. Nxe4 Qxe4 14. Qc3 Qe7 15. b4 Nb6 16. a4 a5 17. b5 Nc4 18. Rfb1 Bf5 19. Rb3 Rec8 20. bxc6 bxc6 21. Nd2 Nxd2 22. Qxd2 h5 23. Rc1 Qd8 24. Rbc3 Qb6 25. Rc5 g6 26. h4 Qb4 27. Qa2 Rab8 28. Bf3 Kg7 29. Kg2 Bd7 30. Qa1 Kf8 31. R1c3 Ke7 32. Qd1 Kf8 33. Qc2 Bf5 34. Qd1 Bd7 35. Qa1 Ra8 36. Bd1 Rcb8 37. Bb3 Re8 38. Bc2 Reb8 39. Bb3 Re8 40. Qc1 Reb8 41. Qa1 Re8 42. Qd1 Bg4 43. Qc1 Bd7 44. Bc2 Qb8 45. Rb3 Qd6 46. Rb7 Qe6 47. Kg1 Kg7 48. Qd1 Qd6 49. Qd2 Re7 50. Bd3 Rae8 51. Bf1 g5 52. e4 Rxe4 53. Qxg5+ Kf8 54. Qxh5 Re1 55. Kg2 Qe6 56. Rxd7 Qxd7 57. Qh6+ Ke7 58. Rxc6 Re6 59. Qg5+ Kf8 60. Rc5 Qxa4 61. Qxd5 Qd1 62. Rxa5 Rf6 63. Qc5+ Kg7 64. Qg5+ Rg6 65. Qf4 Ree6 66. Rf5 Re7 67. Bc4 f6 68. Rxf6 Rg4 69. Rf5 1-0

[Event "Aktogay Masters 2019"]
[Site "Aktogay"]
[Date "2019.05.15"]
[Round "4.2"]
[White "Suleymenov, Alisher"]
[Black "Vlassov, Nikolai"]
[Result "1/2-1/2"]
[ECO "A60"]
[WhiteElo "2435"]
[BlackElo "2393"]
[Annotator "NA"]
[PlyCount "187"]
[EventDate "2019.05.11"]
[EventType "tourn"]
[EventCountry "KAZ"]
[SourceTitle "playchess.com"]
[Source "ChessBase"]
[SourceQuality "1"]
[TimeControl "5400+30"]

1. d4 Nf6 2. c4 c5 3. d5 e6 4. Nc3 exd5 5. cxd5 Bd6 6. Nf3 O-O 7. g3 Bc7 8. d6 Ba5 9. Bg2 Ne4 10. O-O Nxc3 11. bxc3 Bxc3 12. Bg5 Bf6 13. Qd5 Nc6 14. Qxc5 b6 15. Qf5 Ba6 16. Rfe1 Rc8 17. e4 Nb4 18. Rac1 Bc4 19. e5 Bxg5 20. Nxg5 g6 21. Qe4 b5 22. Qh4 h5 23. g4 f6 24. exf6 Qxf6 25. gxh5 Rc5 26. hxg6 Qxg6 27. Ne4 Rh5 28. Qg3 Qxg3 29. Nxg3 Rh6 30. Rcd1 Nd3 31. Re2 Rxd6 32. Red2 Rf4 33. Be4 Rxe4 34. Nxe4 Rg6+ 35. Ng3 Ne5 36. Kg2 b4 37. f4 Ng4 38. Kf3 Nf6 39. f5 Rh6 40. Re1 Kf7 41. Re5 a6 42. Rc5 Bb5 43. Kg2 Rh4 44. Kg1 Rf4 45. Rc1 Bc6 46. Rdc2 Bd5 47. Rd2 Bc6 48. Rf1 Rc4 49. Rfd1 a5 50. Rb2 Ng4 51. Re1 Rd4 52. h3 Nf6 53. Kh2 Bf3 54. Re3 Bc6 55. Nf1 Rf4 56. Ng3 Rh4 57. Ne2 Rh5 58. Kg3 Rxf5 59. Nd4 Rg5+ 60. Kh2 Bd5 61. Rbe2 Rh5 62. Rf2 Rh4 63. Nb3 a4 64. Nc5 Bc6 65. Nd3 d6 66. Re1 Bb5 67. Rd1 Rd4 68. Rdf1 Bxd3 69. Rxf6+ Ke7 70. Rf7+ Ke6 71. R1f6+ Ke5 72. Rf2 b3 73. axb3 axb3 74. Rb7 Bc2 75. Kg3 Rd3+ 76. Kg4 Bd1+ 77. Kh4 Kd4 78. Rc7 d5 79. Rc1 Bf3 80. Kg5 Be4 81. h4 Rg3+ 82. Kf4 Rg2 83. Rd1+ Kc4 84. Rc1+ Kb4 85. Rxg2 Bxg2 86. Ke5 Be4 87. Kd4 b2 88. Rf1 Kb5 89. h5 Kc6 90. Rf6+ Kc7 91. Rf7+ Kb6 92. Rf1 Kc6 93. Rf6+ Kd7 94. Rb6 1/2-1/2

[Event "Aktogay Masters 2019"]
[Site "Aktogay"]
[Date "2019.05.15"]
[Round "4.3"]
[White "Kaiyrbekov, Rustam"]
[Black "Bekturov, Tamerlan"]
[Result "1-0"]
[ECO "E03"]
[WhiteElo "2329"]
[BlackElo "2241"]
[Annotator "NA"]
[PlyCount "102"]
[EventDate "2019.05.11"]
[EventType "tourn"]
[EventCountry "KAZ"]
[SourceTitle "playchess.com"]
[Source "ChessBase"]
[SourceQuality "1"]
[TimeControl "5400+30"]

1. d4 Nf6 2. Nf3 d5 3. c4 e6 4. g3 dxc4 5. Qa4+ Nbd7 6. Qxc4 a6 7. Bg2 b5 8. Qc2 Bb7 9. O-O c5 10. Bg5 Qb6 11. dxc5 Bxc5 12. Nc3 Rc8 13. Qb3 h6 14. Bxf6 Nxf6 15. a4 b4 16. a5 Qc7 17. Nb1 O-O 18. Nbd2 Bd5 19. Qd3 Qb7 20. e3 Bc6 21. Nh4 Nd5 22. Rfc1 Be7 23. Nhf3 Nf6 24. Qf1 Bb5 25. Nd4 Bxf1 26. Bxb7 Rxc1 27. Rxc1 Rb8 28. Kxf1 Rxb7 29. Rc8+ Kh7 30. Ra8 Rc7 31. Rxa6 Rc1+ 32. Ke2 Ra1 33. Ra7 Bc5 34. N2b3 Bxd4 35. Nxd4 Ra2 36. Rxf7 Rxb2+ 37. Kd3 Ng4 38. f4 Ra2 39. Nxe6 Nf2+ 40. Kc4 Kg6 41. Ra7 Rb2 42. a6 Nd1 43. e4 b3 44. Rxg7+ Kf6 45. a7 Ra2 46. Kxb3 Ra1 47. f5 Ne3 48. Rh7 Ke5 49. Nc5 Kd4 50. Na4 Rb1+ 51. Ka2 Rb4 1-0

[Event "Aktogay Masters 2019"]
[Site "Aktogay"]
[Date "2019.05.15"]
[Round "4.4"]
[White "Kuznetsov, Andrei S."]
[Black "Kim, Kristina"]
[Result "0-1"]
[ECO "B15"]
[WhiteElo "2261"]
[BlackElo "1916"]
[Annotator "NA"]
[PlyCount "160"]
[EventDate "2019.05.11"]
[EventType "tourn"]
[EventCountry "KAZ"]
[SourceTitle "playchess.com"]
[Source "ChessBase"]
[SourceQuality "1"]
[TimeControl "5400+30"]

1. e4 g6 2. d4 Bg7 3. Nc3 c6 4. f4 d5 5. e5 Nh6 6. Nf3 Bg4 7. h3 Bxf3 8. Qxf3 f6 9. Be3 O-O 10. exf6 exf6 11. O-O-O Nd7 12. g4 f5 13. Bd3 Nb6 14. g5 Nf7 15. h4 Qc7 16. h5 Rfe8 17. Rh3 Re6 18. Rdh1 Rae8 19. Bf2 Nd6 20. hxg6 hxg6 21. Rh7 Ne4 22. Ne2 Nc4 23. Be1 Ned6 24. R1h2 Ne3 25. Bb4 Ng4 26. R2h4 Ne4 27. Be1 b6 28. Kb1 Ngf2 29. Rh2 Ng4 30. R2h4 a5 31. a3 Ngf2 32. Rh2 Nxd3 33. cxd3 Nd6 34. Bd2 Qe7 35. Nc3 Qf8 36. Qh1 Nf7 37. Ka2 b5 38. Nxb5 cxb5 39. Bxa5 Ra8 40. Qxd5 Rea6 41. b4 Qd6 42. Rxg7+ Kxg7 43. Qc5 Qxc5 44. dxc5 Nd8 45. a4 Rxa5 46. bxa5 Rxa5 47. Kb3 bxa4+ 48. Kc4 a3 49. Ra2 Ne6 50. d4 Ra4+ 51. Kb5 Rxd4 52. Rxa3 Rxf4 53. Ra7+ Kf8 54. Ra8+ Kf7 55. Ra7+ Ke8 56. Ra8+ Kd7 57. c6+ Kd6 58. Rg8 Nc7+ 59. Kb6 Nd5+ 60. Kb5 Rb4+ 61. Ka5 Kxc6 62. Rxg6+ Kc5 63. Rg7 Rb1 64. Ka4 f4 65. g6 Rg1 66. Kb3 Kd6 67. Kc4 Ne7 68. Kd3 Ke6 69. Ke4 Nxg6 70. Rg8 Re1+ 71. Kf3 Kf5 72. Kf2 Ra1 73. Rb8 Ra2+ 74. Kf1 Kg4 75. Rb6 Ne5 76. Rb5 Nf3 77. Rb8 Nh2+ 78. Kg1 Kg3 79. Rg8+ Ng4 80. Kf1 f3 0-1

[Event "Aktogay Masters 2019"]
[Site "Aktogay"]
[Date "2019.05.15"]
[Round "4.5"]
[White "Igambergenov, Alibek"]
[Black "Sukhov, Artur"]
[Result "1-0"]
[ECO "D06"]
[WhiteElo "2295"]
[BlackElo "2110"]
[Annotator "NA"]
[PlyCount "109"]
[EventDate "2019.05.11"]
[EventType "tourn"]
[EventCountry "KAZ"]
[SourceTitle "playchess.com"]
[Source "ChessBase"]
[SourceQuality "1"]
[TimeControl "5400+30"]

1. Nf3 Nf6 2. c4 d5 3. cxd5 Nxd5 4. e4 Nf6 5. Nc3 e6 6. d4 a6 7. Bd3 c5 8. d5 exd5 9. exd5 Bd6 10. O-O O-O 11. Bg5 h6 12. Bh4 Bg4 13. Bc2 Nbd7 14. Ne4 Bf4 15. Re1 g5 16. Bg3 Bxf3 17. Qxf3 Ne5 18. Nxf6+ Qxf6 19. Qe4 Ng6 20. Bxf4 Qxf4 21. g3 Qf6 22. Rad1 Rad8 23. d6 Rxd6 24. Rxd6 Qxd6 25. Qxb7 Rb8 26. Qf3 Kg7 27. Bb3 Qf6 28. Qxf6+ Kxf6 29. Rd1 a5 30. Rd6+ Kg7 31. Ra6 Rb4 32. Rxa5 c4 33. Ra4 Rxa4 34. Bxa4 Ne5 35. Bb5 Nd3 36. Bxc4 Nxb2 37. Bb5 Kf6 38. a4 Ke5 39. a5 Kd6 40. a6 Kc7 41. Kg2 Nd1 42. Be2 Nc3 43. Bc4 f5 44. Bd3 Kb6 45. Kf3 Nd5 46. Bxf5 Kxa6 47. Ke4 Nc3+ 48. Ke5 Nd1 49. f3 Ne3 50. Bh3 h5 51. Ke4 Nc2 52. Kf5 Nd4+ 53. Kxg5 Nxf3+ 54. Kxh5 Nxh2 55. Bg2 1-0